 Dungeon Crawl Stone Soup version 0.30-a0-373-gd37427bb62 (webtiles) character file.

Game seed: 2340917889431252705

73 Shayle the Conjurer (level 4, -36/34 HPs)
             Began as a Demonspawn Reaver on Nov 24, 2022.
             Killed by an exploding Natasha (50 damage)
             ... ignited by their inner flame
             ... on level 3 of the Dungeon.
             The game lasted 00:05:48 (2072 turns).

Shayle the Conjurer (Demonspawn Reaver)             Turns: 2072, Time: 00:05:49

Health: -36/34     AC:  4    Str: 13    XL:     4   Next: 8%
Magic:  7/7        EV: 11    Int: 16    God:
Gold:   202        SH:  0    Dex: 11    Spells: 3/7 levels left

rFire   . . .      SeeInvis .    a - +0 hand axe (vorpal)
rCold   + . .      Faith    .    (no shield)
rNeg    . . .      Spirit   .    b - +0 leather armour
rPois   .          Reflect  .    o - +0 hat of Faxkikhle {rC+}
rElec   .          Harm     .    (no cloak)
rCorr   .          Rampage  .    g - +0 pair of gloves
Will    .....                    (no boots)
Stlth   +.........               (no amulet)
HPRegen 1.25/turn                (no ring)
MPRegen 0.10/turn                (no ring)

@: mighty, weak-willed, slowed, very slow
A: powered by death 1
a: no special abilities


You were on level 3 of the Dungeon.
You visited 1 branch of the dungeon, and saw 3 of its levels.

You collected 202 gold pieces.

Inventory:

Hand Weapons
 a - a +0 vorpal hand axe (weapon)
Armour
 b - a +0 leather armour (worn)
 f - a +0 ring mail
 g - a +0 pair of gloves (worn)
 o - the +0 hat of Faxkikhle (worn) {rC+}
   (You found it on level 2 of the Dungeon)

   rC:        It protects you from cold.
Scrolls
 c - a scroll of blinking
 e - a scroll of vulnerability
 k - 2 scrolls of identify
 m - a scroll of butterflies
 p - a scroll of immolation
Potions
 d - a potion of ambrosia {unknown}
 h - a potion of haste {unknown}
 q - a potion of magic {unknown}


   Skills:
 + Level 2.7 Fighting
 - Level 2.6 Axes
 + Level 1.5 Armour
 - Level 1.7 Dodging
 + Level 1.7 Stealth
 - Level 2.0 Spellcasting
 * Level 3.1 Conjurations
 * Level 1.0 Ice Magic


You had 3 spell levels left.
You knew the following spells:

 Your Spells              Type           Power      Damage    Failure   Level
a - Kiss of Death         Conj/Necr      24%        2d7       14%         1
b - Hailstorm             Conj/Ice       8%         3d4       32%         3

Your spell library contained the following spells:

 Spells                   Type           Power      Damage    Failure   Level
 Momentum Strike          Conj/Tloc      12%        3d8       21%         2


Dungeon Overview and Level Annotations

Branches:
Dungeon (3/15)

Altars:
Trog


Innate Abilities, Weirdness & Mutations

You regenerate a little health from kills.


Message History

Natasha stares at you and mumbles some strange words.
You resist with some effort.
As you read the scroll labelled BELUCE IVAA, it crumbles to dust.
Magic quickly surges around you.
It was a scroll of vulnerability.
As you read the scroll labelled HOKEUCK MANECH, it crumbles to dust.
The creatures around you are filled with an inner flame!
It was a scroll of immolation.
As you read the scroll labelled XAOQUCI ESAETUF, it crumbles to dust.
It is a scroll of identify.
c - a scroll of blinking Natasha claws you but does no damage.
Natasha barely misses you.
As you read the scroll labelled ZAUXOUZUOJ, it crumbles to dust.
You feel aware of your surroundings.
It was a scroll of magic mapping.
Natasha claws you.
As you read the scroll labelled VETILU JEPH, it crumbles to dust.
It is a scroll of brand weapon.
Your +0 hand axe emits a brilliant flash of light!
a - a +0 vorpal hand axe (weapon)
Natasha stares at you and mumbles some strange words.
The magic dart hits you.
Natasha stares at you and mumbles some strange words.
The magic dart hits you.
The air fills with toxic fumes!
As you read the scroll labelled CYBIQO ICHI, it crumbles to dust.
It was a scroll of poison.
Natasha mewls in sadness.
Natasha claws you!
Really walk into that cloud of poison gas? [Y]es or [N]o only, please.
Really walk into that cloud of poison gas?
Okay, then.
It was a potion of might.
You feel very mighty all of a sudden. Natasha claws you.
Natasha barely misses you.
You slash Natasha!
Flame seeps out of Natasha.
Natasha screams in fury as she dies!
Natasha explodes!
The fiery explosion engulfs you!!!
Ouch! That really hurt!
You die...

#...##.# *,*,*
#...##.# *,#§#
+...##.#######,#§#
#.............,#§#
#....#.#########§#
####.#.........#§#
* #.#.#######.#§#
* #.#.### #.#○#
***#.....## #.#@#
+....#.#..# #.#§#
######..#.# #.#§#
+,......#.## #.#§#
**#####....###.#§#
+,.........>...#§#
**#########.####§#
* #.# #§# * #.#
#.#


There were no monsters in sight!

Vanquished Creatures
  Natasha (D:3)
  An adder (D:2)
  A worm (D:2)
  A dart slug (D:1)
  3 orcs (D:2)
  4 ball pythons
  6 bats
  5 endoplasms
  2 giant cockroaches (D:1)
  7 hobgoblins
  2 quokkas (D:1)
  6 frilled lizards
  4 goblins
  3 kobolds
  9 rats
55 creatures vanquished.

Notes
Turn   | Place    | Note
-------+----------+-------------------------------------------
     0 | D:1      | Shayle the Demonspawn Reaver began the quest for the Orb.
     0 | D:1      | Reached XP level 1. HP: 16/16 MP: 3/3
    99 | D:1      | Gained mutation: You regenerate a little health from kills.
                  | [demonic ancestry]
    99 | D:1      | Reached XP level 2. HP: 22/22 MP: 5/5
   225 | D:1      | Reached skill level 1 in Stealth
   313 | D:1      | Reached skill level 1 in Armour
   724 | D:1      | Reached XP level 3. HP: 28/28 MP: 6/6
   897 | D:1      | Learned a level 3 spell: Hailstorm
   998 | D:2      | Identified the +1 robe "Efuanwidgho" {Rampage rPois Str-3
                  | Dex+5}
  1213 | D:2      | Identified the +0 hat of Faxkikhle {rC+}
  1652 | D:2      | Reached skill level 1 in Ice Magic
  1742 | D:2      | Reached XP level 4. HP: 29/34 MP: 7/7
  1979 | D:3      | Found a bloodstained altar of Trog.
  2062 | D:3      | Noticed Natasha
  2072 | D:3      | Killed Natasha
  2072 | D:3      | Killed by an exploding Natasha... ignited by their inner
                  | flame

Illustrated notes

Levels and vault maps discovered:
D:1:      minmay_arrival_solitary_statue, layout_loops_cross
D:2:      layout_basic, minmay_tetromino_t4
D:3:      layout_basic, mainiacjoe_overflow_paths, uniq_natasha, uniq_terence

Skill      XL: |  1  2  3 |
---------------+----------+-----
Stealth        | 1 |  1.7
Armour         | 1 |  1.5
Ice Magic      | 1 |  1.0
Fighting       | |  2.7
Axes           | |  2.6
Dodging        | |  1.7
Spellcasting   | |  2.0
Conjurations   | |  3.1

Action                   |  1- 3 |  4- 6 || total
-------------------------+-------+-------++-------
Melee: Hand axe          |   145 |    15 ||   160
  Use: Scroll            |     1 |     6 ||     7
       Potion            |       |     1 ||     1
 Stab: Sleeping          |     3 |       ||     3
Armor: Leather armour    |    44 |     4 ||    48
Dodge: Dodged            |    83 |     8 ||    91

Table legend: (Time is in decaauts)
 A = Elapsed time spent in this place.
 B = Non-inter-level travel time spent in this place.
 C = Inter-level travel time spent in this place.
 D = Time resting spent in this place.
 E = Time spent auto-exploring this place.
 F = Levels seen in this place.
 G = Mean time per level.
                   A        B        C        D        E       F      G
               +--------+--------+--------+--------+--------+-----+--------+
         Total |   2104 |   1978 |    126 |     78 |   1283 |   3 |  701.3 |
       Dungeon |   2104 |   1978 |    126 |     78 |   1283 |   3 |  701.3 |
               +--------+--------+--------+--------+--------+-----+--------+

Top non-repeatable levels by time:
     D:2: 1041 daAuts
     D:1: 857 daAuts
     D:3: 205 daAuts
